cohdb
Replays
Latest Replays
All Replays
Popular Replays
Top Player Replays
Match Explorer
How It Works
Community
CoH3 Stats
Reddit
Sign in to upload your games and track your stats! →
Sign in with Steam
Match 25205694
Unlisted
Match 25205694
Overview
Messages
Build Orders
End
Kettenkrad Recon Vehicle
Selects Luftwaffe Battlegroup
Selects Luftwaffe Pioneer Support
Fallschirmpioneer Squad Paradrop
Construct Infanterie Kompanie
MG 42 Machine Gun Team
Construct Panzergrenadier Kompanie
Construct Luftwaffe Kompanie
Selects Reconnaissance Run
Jäger Squad
Support Elements
Selects Fallschirmjäger Squad Paradrop
Fallschirmjäger Squad Paradrop
Wirbelwind Flakpanzer
Selects LG40 Recoilless Gun Paradrop
Wirbelwind Flakpanzer
Construct Panzer Kompanie
Sturmpanzer IV Brummbär
Stoßtruppen Squad
Stoßtruppen Squad
Stoßtruppen Squad
Panzer Officer Quarters
Side Skirts
Pioneer Squad
Selects Infantry Reserves
Selects Stuka Loiter
bisivan1
Fofi
Eber
Assbestos
Dalej
Lemme smash
0
0
Comments
sign in to comment!
No comments posted yet!